AoeStats
← game 4 fun

Pilgrims

510077886Analyzed
4v4 RM · 2d ago on Sep 29, 2026· 23m 35s· 8 players
Game mode
Random Map
Map size
Large (8 player)
Population
200
Speed
Normal
Resources
Standard
Victory
Conquest
Starting age
Dark Age
Ending age
Imperial Age
RankedLock teamsTeams togetherTeam positionsShared explorationLock speedFull tech treeHidden civsTurbo modeCheats
Victory
Defeat
🇦🇺 Mongols · Australia
1422
+8
🇨🇳 Vikings · China
1257
+14
🇯🇵 Bulgarians · Japan
1181
+17
🇦🇺 Britons · Australia
1043
+24
🇹🇼 Danes · Taiwan
1234
-16
🇹🇼 Huns · Taiwan
1227
-16
🇭🇰 Franks · Hong Kong SAR China
1217
-16
🇨🇳 Georgians · China
1191
-15
game 4 fun
9:56 Loom
13:03 Feudal Age
14:50 Double-Bit Axe
15:04 Gold Mining
15:02 Town Watch
18:05 Castle Age
16:32 Fletching
22:47 Fishing Lines
新手村五四
神鬼戰士
7:37 Loom
14:08 Feudal Age
15:49 Wheelbarrow
15:01 Town Watch
15:06 Double-Bit Axe
19:20 Castle Age
17:43 Stone Mining
17:38 Horse Collar
20:27 Bow Saw
20:20 Heavy Plow
21:15 Hand Cart
alucard4566
3:36 Loom
10:25 Feudal Age
13:02 Double-Bit Axe
14:03 Fletching
16:46 Castle Age
15:50 Forging
17:55 Medium Warships
18:15 Bodkin Arrow
Prinipple Skimster
10:56 Feudal Age
12:20 Loom
12:32 Fishing Lines
15:03 Castle Age
14:38 Double-Bit Axe
16:01 Gillnets
18:28 Bow Saw
18:39 Stone Mining
19:56 Wheelbarrow
19:35 Town Watch
20:10 Gold Mining
22:02 Pikeman
22:37 Fletching
[TRIO] anfernee hardaway
9:40 Loom
12:08 Feudal Age
12:37 Fishing Lines
13:53 Double-Bit Axe
17:24 Castle Age
19:28 Medium Warships
19:15 Gillnets
19:38 Medium Warships
KJI
7:39 Loom
11:51 Feudal Age
15:47 Castle Age
15:13 Fletching
17:13 Bodkin Arrow
17:50 Stone Mining
23:05 Gold Mining
安逸
11:27 Feudal Age
10:37 Loom
12:01 Double-Bit Axe
14:14 Fletching
14:58 Forging
17:27 Castle Age
18:22 Medium Warships
18:15 Bodkin Arrow
21:45 Man-at-Arms
Connection lost

Rejoining the realm…

Still unreachable

The connection could not be restored.

Session expired

The server has moved on; the page needs a fresh start.